 Dungeon Crawl Stone Soup version 0.29-a0-577-gafbf2c5d25 (webtiles) character file.

Game seed: 17972433938846191263

4 xian the Sneak (level 1, 0/16 HPs)
             Began as a Formicid Brigand on June 13, 2022.
             Slain by a hobgoblin (3 damage)
             ... on level 1 of the Dungeon.
             The game lasted 00:00:47 (181 turns).

xian the Sneak (Formicid Brigand)                    Turns: 181, Time: 00:00:47

Health: 0/16       AC:  3    Str: 15    XL:     1   Next: 77%
Magic:  1/1        EV: 11    Int: 10    God:
Gold:   0          SH:  3    Dex: 15    Spells: 0/0 levels left

rFire   . . .      SeeInvis +   a - +2 dagger
rCold   . . .      Faith    .   g - +0 buckler
rNeg    . . .      Spirit   .   b - +0 robe
rPois   .          Reflect  .   (helmet unavailable)
rElec   .          Harm     .   c - +0 cloak
rCorr   .          Rampage  .   (no gloves)
Will    .....                   (no boots)
Stlth   +++.......              (no amulet)
HPRegen 0.05/turn               (no ring)
MPRegen 0.07/turn               (no ring)

@: no status effects
A: permanent stasis, dig shafts and tunnels, antennae 3, four strong arms
a: Dig, Shaft Self


You were on level 1 of the Dungeon.
You visited 1 branch of the dungeon, and saw 1 of its levels.

Inventory:

Hand Weapons
 a - a +2 dagger (weapon)
Missiles
 d - 9 poisoned darts (quivered)
 e - 3 curare-tipped darts
Armour
 b - a +0 robe (worn)
 c - a +0 cloak (worn)
 g - a +0 buckler (worn)
Potions
 f - a potion of haste {unknown}


   Skills:
 + Level 2.1 Fighting
 + Level 2.2 Short Blades
 + Level 2.0 Throwing
 + Level 0.8 Dodging
 + Level 5.0 Stealth


You couldn't memorise any spells.
You didn't know any spells.
Your spell library was empty.

Dungeon Overview and Level Annotations

Branches:
Dungeon (1/15)

Altars:


Innate Abilities, Weirdness & Mutations

You cannot be hasted, slowed, berserked, paralysed or teleported.
You can dig through walls and to a lower floor.
You have a pair of large antennae on your head. (SInv)
Your four strong arms can wield two-handed weapons with a shield.


Message History

You completely miss the quokka.
The quokka is heavily wounded.
The quokka barely misses you.
You hit the quokka.
You kill the quokka!
You see here a +0 buckler.
g - a +0 buckler
Okay, then.
You start putting on your armour.
You continue putting on your +0 buckler. x4
The hobgoblin shouts!
You finish putting on your +0 buckler.
A dart slug comes into view.
The dart slug launches a dart at you. The slug dart hits you.
A goblin comes into view. It is wielding a +0 club.
A kobold comes into view. It is wielding a +0 short sword.
You barely miss the hobgoblin. The hobgoblin hits you.
The kobold shouts!
The goblin shouts!
You hit the hobgoblin.
The hobgoblin is heavily wounded.
The hobgoblin misses you.
A frilled lizard comes into view.
The frilled lizard attacks as you move away!
The frilled lizard barely misses you.
You closely miss the hobgoblin.
The hobgoblin is heavily wounded.
The hobgoblin misses you. The hobgoblin attacks as you move away!
You block the hobgoblin's attack. The hobgoblin attacks as you move away!
The hobgoblin misses you.
The frilled lizard attacks as you move away!
The frilled lizard bites you but does no damage.
The hobgoblin hits you. The hobgoblin attacks as you move away!
You block the hobgoblin's attack. The hobgoblin attacks as you move away!
The hobgoblin hits you.
* * * LOW HITPOINT WARNING * * *
The goblin barely misses you. You block the kobold's attack.
The hobgoblin attacks as you move away! The hobgoblin hits you.
You die...

#..............
###.......#..##
##..........#. .# .##
#.#..#.#..... .# ..#
#.#.......... #.# #.#
#..........# #.# #.#
##........#.#
#.#####.###K.w..#.#.# #
######.....#.#.@ggl....#.#
##.....##.......###....##
# ...(.................>.#
#############..........#
.## ##..##.'............
..# #.##..##..........###
#.## ########..........#
##.###.## #...####....
#.......## #.).# #####


You could see a dart slug, a hobgoblin, a goblin, a kobold and a frilled lizard.

Vanquished Creatures
  A hobgoblin (D:1)
  A kobold (D:1)
  A quokka (D:1)
  A bat (D:1)
4 creatures vanquished.

Notes
Turn   | Place    | Note
-------+----------+-------------------------------------------
     0 | D:1      | xian the Formicid Brigand began the quest for the Orb.
     0 | D:1      | Reached XP level 1. HP: 16/16 MP: 1/1
    46 | D:1      | Reached skill level 5 in Stealth
   181 | D:1      | Slain by a hobgoblin

Illustrated notes

Levels and vault maps discovered:
D:1:      dpeg_arrival_round_a, layout_rooms,
          dreamdust_ecumenical_altar_drowned_temple

Skill      XL: |  1 |
---------------+----+-----
Stealth        | 5 |  5.0
Fighting       | |  2.1
Short Blades   | |  2.2
Throwing       | |  2.0
Dodging        | |  0.8

Action                   || total
-------------------------++-------
Melee: Dagger            ||    17
 Stab: Sleeping          ||     2
Armor: Robe              ||     4
Dodge: Dodged            ||    11
Block: Buckler           ||     3

Table legend: (Time is in decaauts)
 A = Elapsed time spent in this place.
 B = Non-inter-level travel time spent in this place.
 C = Inter-level travel time spent in this place.
 D = Time resting spent in this place.
 E = Time spent auto-exploring this place.
 F = Levels seen in this place.
 G = Mean time per level.
                   A        B        C        D        E       F      G
               +--------+--------+--------+--------+--------+-----+--------+
         Total |    179 |    179 |      0 |      0 |     88 |   1 |  179.0 |
       Dungeon |    179 |    179 |      0 |      0 |     88 |   1 |  179.0 |
               +--------+--------+--------+--------+--------+-----+--------+

Top non-repeatable levels by time:
     D:1: 179 daAuts
